 Dungeon Crawl Stone Soup version 0.30.1-11-g7821555f0a (webtiles) character file.

Game seed: 10479301324425943882

30328 Jerry the Brawler (level 13, -2/128 HPs)
             Began as a Troll Monk on Dec 10, 2023.
             Was a High Priest of Uskayaw.
             Succumbed to a cane toad's poison
             ... on level 2 of the Lair of Beasts.
             The game lasted 00:42:12 (10776 turns).

Jerry the Brawler (Troll Monk)                     Turns: 10776, Time: 00:42:13

Health: -2/128     AC: 19    Str: 26    XL:     13   Next: 20%
Magic:  12/12      EV: 11    Int:  6    God:    Uskayaw [*****.]
Gold:   39         SH:  0    Dex: 12    Spells: 12/12 levels left

rFire   + +          .
                       - Unarmed
rCold   . . .        c - orb {light}
rNeg    . . .        D - +1 fire dragon scales
rPois   .            (helmet restricted)
rElec   .            n - +0 cloak
rCorr   .            (gloves unavailable)
SInv    .            (boots unavailable)
Will    .....        C - amulet of regeneration Stlth
                     l - +4 ring of protection
HPRegen 2.01/turn    s - ring of protection from cold
MPRegen 0.13/turn

%: no passive effects
@: lethally poisoned (-2 -> -18), slowed, glowing, very slow
A: large, unfitting armour, claws 3, regeneration 1, shaggy fur 1, tough skin 1
a: Renounce Religion, Stomp, Line Pass, Grand Finale


You were on level 2 of the Lair of Beasts.
You worshipped Uskayaw.
Uskayaw was noncommittal.
You visited 3 branches of the dungeon, and saw 16 of its levels.
You also visited: Bailey.

You collected 943 gold pieces.
You spent 904 gold pieces at shops.

Inventory:

Missiles
 F - 3 large rocks (quivered)
 I - a throwing net
Armour
 a - a +1 robe
 c - an orb of light (worn)
 n - a +0 cloak (worn)
 D - +1 fire dragon scales (worn)
Jewellery
 l - a +4 ring of protection (left claw)
 s - a ring of protection from cold (right claw)
 x - a ring of positive energy
 C - an amulet of regeneration (around neck)
 H - a ring of positive energy
Wands
 j - a wand of flame (39)
 m - a wand of light (17)
 p - a wand of iceblast (4)
 v - a wand of paralysis (36)
Scrolls
 e - 3 scrolls of teleportation
 i - 4 scrolls of enchant weapon
 y - 4 scrolls of enchant armour
 z - 5 scrolls of summoning
 A - a scroll of magic mapping
 G - a scroll of blinking
Potions
 b - 2 potions of ambrosia
 d - 6 potions of heal wounds
 g - 2 potions of attraction
 h - 6 potions of curing
 q - 4 potions of mutation {unknown}
 r - 4 potions of might {unknown}
 t - 2 potions of haste
 u - a potion of magic
 w - 2 potions of cancellation
 B - a potion of brilliance
 E - a potion of resistance


   Skills:
 + Level 8.7 Fighting
 + Level 7.5 Armour
 + Level 8.7 Dodging
 - Level 2.3 Stealth
 + Level 15.9 Unarmed Combat


You had 12 spell levels left.
You didn't know any spells.
Your spell library contained the following spells:

 Spells                   Type           Power      Damage    Failure   Level
 Foxfire                  Conj/Fire      0%         2x1d4     77%         1
 Lesser Beckoning         Tloc           0%         N/A       88%         2
 Poisonous Vapours        Pois/Air       0%         N/A       88%         2
 Gell's Gravitas          Tloc           0%         N/A       98%         3
 Inner Flame              Hex/Fire       0%         N/A       98%         3
 Mephitic Cloud           Conj/Pois/Air  0%         N/A       98%         3
 Stone Arrow              Conj/Erth      0%         3d7       98%         3
 Summon Guardian Golem    Hex/Summ       0%         N/A       98%         3
 Teleport Other           Tloc           0%         N/A       98%         3
 Animate Armour           Summ/Erth      0%         N/A       100%        4
 Flame Wave               Conj/Fire      0%         2d4       100%        4
 Sticky Flame             Conj/Fire      0%         2d3       100%        4
 Fireball                 Conj/Fire      0%         3d3       100%        5
 Freezing Cloud           Conj/Ice/Air   0%         6-21      100%        5
 Summon Forest            Summ/Tloc      0%         N/A       100%        5
 Eringya's Noxious Bog    Tmut/Pois      0%         N/A       100%        6
 Plasma Beam              Fire/Air       0%         2x1d11    100%        6
 Starburst                Conj/Fire      0%         6d3       100%        6
 Orb of Destruction       Conj           0%         9d5       100%        7
 Spellforged Servitor     Conj/Summ      0%         N/A       100%        7
 Summon Hydra             Summ           0%         N/A       100%        7
 Lehudib's Crystal Spear  Conj/Erth      0%         10d2      100%        8


Dungeon Overview and Level Annotations

Branches:
Dungeon (12/15)            Temple (1/1) D:5            Lair (3/5) D:11
  Swamp (0/4) Lair:2       Bailey (visited)
  Snake: Lair:2-3    Spider: Lair:2-3       Orc: D:9-12

Altars:
Ashenzari
Cheibriados
Dithmenos
Elyvilon
Fedhas
Gozag
Hepliaklqana
Kikubaaqudgha
Makhleb
Nemelex Xobeh
Okawaru
Ru
Trog
Uskayaw
Vehumet
Wu Jian
Xom
Yredelemnul
Zin
The Shining One

Shops:
D:1 ?   D:5 =   D:6 [   D:9 (


Innate Abilities, Weirdness & Mutations

You are too large for most types of armour.
You have claws for hands.
Your natural rate of healing is unusually fast.
You are covered in fur. (AC +1)
You have tough skin. (AC +1)


Message History

Kirke is heavily wounded.
You feel sick. Kirke hits you but does no damage. The hog bites you.
You claw Kirke!
Kirke is severely wounded.
You feel sick.
The cane toad stings you but does no damage.
Kirke points at you and mumbles some strange words.
You feel yourself slow down. The hog bites you but does no damage.
You eviscerate Kirke!!!
Kirke is almost dead.
You feel sick. The cane toad stings you!
You are more poisoned.
The cane toad poisons you! The hog bites you. Kirke closely misses you.
The cane toad stings you but does no damage.
You eviscerate Kirke!!!
You kill Kirke!
No longer under Kirke's spell, the hog returns to its human form!
You feel very sick. The bullfrog closely misses you. The cane toad stings you!
You are more poisoned.
The cane toad poisons you!
You barely miss the bullfrog.
You feel extremely sick. The bullfrog misses you.
The cane toad barely misses you. The bullfrog misses you.
You mangle the bullfrog!!
You kill the bullfrog!
You feel extremely sick. The cane toad closely misses you.
The cane toad barely misses you.
You feel very sick. The cane toad closely misses you.
There is a stone staircase leading up, spattered with blood here.
You feel very sick. The cane toad stings you!
* * * LOW HITPOINT WARNING * * *
You are more poisoned.
The cane toad poisons you! The cane toad stings you!
* * * LOW HITPOINT WARNING * * *
You climb upwards.
You die...

###.P.# #.#.......#.^...... #
##..#########.###...###........ #
#...#.##..##.####.## #........ #
##............# ### #.##..... #
#P............## ####..... #
#P.............## #P.... ##
##.............P# ##....
.####..........<.†### ######.....
................@†.P###...P##....
...............F.................
P#####.#P.P.####P##..##P###PP.###
## #.####### ########## ##### ###


You could see a cane toad.

Vanquished Creatures
  Kirke (Lair:3)
  A ghost crab (Lair:2)
  A hydra (Lair:2)
  3 two-headed ogres
  A death yak (Lair:2)
  Nergalle (Lair:1)
  4 skeletal warriors
  A spectral catoblepas (Lair:2)
  A spectral hydra (Lair:2)
  A cyclops (D:11)
  An oklob plant (D:11)
  An orc knight (Bailey)
  3 black mambas
  A torpor snail (Lair:2)
  3 elephants (Lair:2)
  2 gargoyles (D:11)
  5 cane toads
  A rime drake (Lair:1)
  2 komodo dragons (Lair:2)
  A spectral skyshark (Lair:2)
  2 trolls (D:10)
  8 blink frogs (Lair:2)
  A hornet (D:9)
  30 yaks
  A shadow (D:10)
  3 wraiths
  3 fire bats (Lair:2)
  3 wyverns
  A spectral komodo dragon (Lair:2)
  2 hogs (Lair:2)
  A basilisk (Lair:1)
  2 vampire mosquitoes (D:11)
  A steam dragon (D:8)
  Menkaure (D:7)
  7 water moccasins
  4 black bears
  12 orc warriors
  6 wolves (Lair:1)
  3 ogres
  4 centaurs
  A phantom (D:4)
  A kobold brigand (D:8)
  5 bullfrogs
  A spectral water moccasin (Lair:2)
  2 gnoll sergeants (D:8)
  4 scorpions
  11 wights
  11 killer bees
  3 howler monkeys (D:11)
  A jelly (D:4)
  3 orc priests
  2 hounds (D:4)
  2 gnoll boudas
  4 iguanas
  A sleepcap (D:6)
  7 orc wizards
  18 gnolls
  5 adders
  4 white imps
  3 ufetubi
  2 worms
  2 dart slugs
  40 orcs
  8 ball pythons
  11 endoplasms
  4 giant cockroaches
  11 goblins
  15 hobgoblins
  4 jackals
  7 quokkas
  7 bats
  3 frilled lizards
  7 kobolds
  9 rats
349 creatures vanquished.

Notes
Turn   | Place    | Note
-------+----------+-------------------------------------------
     0 | D:1      | Jerry the Troll Monk began the quest for the Orb.
     0 | D:1      | Reached XP level 1. HP: 22/22 MP: 0/0
   133 | D:1      | Reached XP level 2. HP: 29/29 MP: 1/1
   413 | D:1      | Found Kofo's Magic Scroll Boutique.
   416 | D:1      | Bought a scroll of teleportation for 33 gold pieces
   467 | D:1      | Reached XP level 3. HP: 36/36 MP: 2/2
  1306 | D:3      | Reached skill level 1 in Stealth
  1326 | D:3      | Reached XP level 4. HP: 44/44 MP: 3/3
  1462 | D:3      | Found a faded altar of an unknown god.
  1869 | D:4      | Reached XP level 5. HP: 50/53 MP: 4/4
  1977 | D:4      | Noticed an ogre
  1983 | D:4      | Killed an ogre
  1984 | D:4      | Reached skill level 4 in Unarmed Combat
  2016 | D:4      | Reached XP level 6. HP: 61/61 MP: 5/5
  2633 | D:4      | Reached XP level 7. HP: 68/68 MP: 6/6
  2683 | D:4      | Reached skill level 13 in Unarmed Combat
  2683 | D:4      | Reached XP level 8. HP: 78/78 MP: 7/7
  2706 | D:5      | Entered Level 5 of the Dungeon
  2709 | D:5      | Found Siraulee's Jewellery Shop.
  2770 | D:5      | Found a staircase to the Ecumenical Temple.
  2817 | Temple   | Entered the Ecumenical Temple
  3404 | D:6      | Found a snail-covered altar of Cheibriados.
  3420 | D:6      | Found Alolukov's Armour Boutique.
  3441 | D:6      | Found a broken altar of Ashenzari.
  3880 | D:6      | Found an ornate altar of the Wu Jian Council.
  3945 | D:6      | Reached skill level 1 in Armour
  3945 | D:6      | Reached XP level 9. HP: 79/85 MP: 8/8
  4231 | D:7      | Found a basalt altar of Yredelemnul.
  4377 | D:7      | Found a hide-covered altar of Uskayaw.
  4386 | D:7      | Became a worshipper of Uskayaw the Reveller
  4386 | D:7      | Reached * piety under Uskayaw
  4423 | D:7      | Reached ** piety under Uskayaw
  4426 | D:7      | Reached *** piety under Uskayaw
  4518 | D:7      | Found an ancient bone altar of Kikubaaqudgha.
  4633 | D:7      | Noticed Menkaure
  4638 | D:7      | Killed Menkaure
  4944 | D:8      | Reached **** piety under Uskayaw
  4949 | D:8      | Reached ***** piety under Uskayaw
  4994 | D:8      | Reached skill level 5 in Fighting
  4994 | D:8      | Reached skill level 5 in Dodging
  5275 | D:8      | You fall into a shaft and drop 1 floor!
  5356 | D:9      | Reached XP level 10. HP: 89/96 MP: 9/9
  5383 | D:9      | Noticed a two-headed ogre
  5389 | D:9      | Killed a two-headed ogre
  5390 | D:9      | Reached skill level 14 in Unarmed Combat
  5617 | D:9      | Found a flagged portal.
  5630 | Bailey   | Entered a bailey
  5763 | Bailey   | Noticed an orc knight
  5804 | Bailey   | Killed an orc knight
  6071 | D:9      | Found Rolieseq's Hydra Hut.
  6074 | D:9      | Noticed a seven-headed hydra
  6619 | D:10     | Entered Level 10 of the Dungeon
  6779 | D:10     | Noticed a two-headed ogre
  6783 | D:10     | Killed a two-headed ogre
  6784 | D:10     | Reached XP level 11. HP: 87/105 MP: 10/10
  6970 | D:10     | Noticed a four-headed hydra
  7026 | D:10     | Found a shimmering altar of Xom.
  7418 | D:11     | Found a staircase to the Lair.
  7418 | D:11     | Noticed an oklob plant
  7556 | D:11     | Noticed a two-headed ogre
  7582 | D:11     | Killed a two-headed ogre
  7612 | D:11     | Noticed a skeletal warrior
  7612 | D:11     | Noticed a skeletal warrior
  7621 | D:11     | Noticed a skeletal warrior
  7798 | D:11     | Reached skill level 5 in Armour
  7903 | D:11     | Noticed a skeletal warrior
  7918 | D:11     | Killed a skeletal warrior
  7922 | D:11     | HP: 3/107 [skeletal warrior/+3 battleaxe (27)]
  8029 | D:12     | Noticed a deep elf pyromancer
  8150 | D:11     | Killed a skeletal warrior
  8262 | D:10     | Killed a skeletal warrior
  8287 | D:11     | Killed a skeletal warrior
  8306 | D:11     | Killed an oklob plant
  8307 | D:11     | Reached skill level 15 in Unarmed Combat
  8317 | Lair:1   | Entered Level 1 of the Lair of Beasts
  8465 | Lair:1   | Reached XP level 12. HP: 118/118 MP: 11/11
  8772 | Lair:1   | Noticed Nergalle
  8781 | Lair:1   | Killed Nergalle
  9352 | Lair:2   | Noticed a seven-headed hydra
  9360 | Lair:2   | Killed a nine-headed hydra
  9388 | Lair:2   | Noticed a death yak
  9403 | Lair:2   | Reached ****** piety under Uskayaw
  9405 | Lair:2   | Killed a death yak
 10017 | Lair:2   | Reached XP level 13. HP: 122/128 MP: 12/12
 10038 | Lair:2   | Found a staircase to the Swamp.
 10246 | Lair:3   | Noticed Kirke
 10555 | D:6      | Bought +1 fire dragon scales for 871 gold pieces
 10771 | Lair:3   | Killed Kirke
 10776 | Lair:2   | Succumbed to a cane toad's poison

Illustrated notes

Levels and vault maps discovered:
D:1:      shiori_arrival_oz, layout_loops_cross, serial_shops,
          nicolae_shop_tiny_real_fake_doors,
          hangedman_abyss_or_decor_lesser_grid
D:2:      layout_loops_ring, supply_closet_lemuel, chequers_jeans
D:3:      layout_loops_cross, shapermc_ecumenical_altar_starsandcircs,
          minmay_misc_feat_four_crosses
D:4:      cheibrodos_barr_body, layout_basic, grunt_decor_fettered
D:5:      layout_cave_pools, minmay_temple_entry_mini_moons, serial_shops, shop
D:6:      layout_basic, nicolae_ashenzari_skybound, slow_altar_1,
          nzn_wu_jian_contemplation, serial_shops, shop
D:7:      layout_loops_ring, mainiacjoe_overflow_alcove_1,
          nicolae_overflow_crystal_walls, mainiacjoe_overflow_tiny_flanked,
          minmay_misc_feat_iff, uniq_menkaure
D:8:      layout_rooms, lemuel_round_altar, nicolae_sif_muna_condensation
D:9:      layout_basic, enter_bailey_3, doesnt_shop_hydraphobe
D:10:     layout_irregular_city, marbit_many_paths, kennysheep_island_fort
D:11:     layout_loops_cross, dpeg_oklobed_lair
D:12:     layout_stronghold, david_orc_3, uniq_sonja
Temple:   dshaligram_water_room_temple
Lair:1:   layout_loops_ring, minivault_27, grunt_megastairs_2, uniq_nergalle
Lair:2:   layout_chaotic_city, nicolae_swamp_entry_spooky,
          nicolae_volcano_entry_batcave, lemuel_fruit_tree
Lair:3:   layout_small_grid, spider_nest_entry_rubble, basic_altar,
          grunt_megastairs_4, infiniplex_staircase_pool_2, uniq_kirke

Skill      XL: |  1  2  3  4  5  6  7  8  9 10 11 12 |
---------------+-------------------------------------+-----
Stealth        | 1 2 |  2.3
Fighting       | 3 4 5 6 7 8 |  8.7
Dodging        | 3 4 5 6 7 8 |  8.7
Unarmed Combat | 4 13 14 15 | 15.9
Armour         | 1 2 4 5 7 |  7.5

Action                     |  1- 3 |  4- 6 |  7- 9 | 10-12 | 13-15 || total
---------------------------+-------+-------+-------+-------+-------++-------
  Melee: Unarmed           |   101 |   106 |   160 |   452 |    70 ||   889
  Evoke: Wand              |       |     3 |       |    20 |       ||    23
    Use: Scroll            |       |       |    12 |     6 |     3 ||    21
         Potion            |       |       |     1 |       |       ||     1
   Stab: Paralysed         |       |       |     4 |    26 |     3 ||    33
 Armour: Robe              |    27 |    30 |    46 |   152 |    17 ||   272
         Fire dragon scale |       |       |       |       |    22 ||    22
  Dodge: Dodged            |    45 |    59 |    79 |   210 |    72 ||   465
